[Event "Early-Titled-Tuesday-Blitz-March-26-2024"]
[Site "Chess.com"]
[Date "2024.03.26"]
[Round "6"]
[White "Hovik_Hayrapetyan"]
[Black "ketster"]
[Result "1-0"]
[WhiteElo "2815"]
[BlackElo "2583"]
[TimeControl "180+1"]
[EndTime "9:05:34 PDT"]
[Termination "Hovik_Hayrapetyan won on time"]

1. d4 d5 2. c4 e6 3. Nc3 c5 4. cxd5 cxd4 5. Qxd4 Nc6 6. Qd1 exd5 7. e3 Nf6 8. Nf3 Bb4 9. Be2 Ne4 10. Qb3 Qa5 11. O-O Be6 12. Nb5 O-O 13. Nbd4 Rac8 14. a3 Nxd4 15. Nxd4 Bc5 16. Qxb7 Bxd4 17. exd4 Rc2 18.
Bd3 Rc7 19. Qa6 Qxa6 20. Bxa6 Rc6 21. Bb5 Rb6 22. Ba4 Rc8 23. f3 Nd6 24. Rf2 Nf5 25. b4 Rb7 26. Bb2 Rbc7 27. Re2 h5 28. Kf2 Nd6 29.
Rae1 Nc4 30. Bb5 Nd6 31. Ba6 Rb8 32. Bc1 Rb6 33. Bd3 Rc3 34. Re3 Rbc6 35. Bd2 Kf8 36. Bxc3 Rxc3 37. Bf1 Rc2+ 38. R1e2 Rc1 39. Re1 Rc2+ 40.
R3e2 Rc3 41. a4 Rb3 42. b5 Ra3 43. Re5 Rxa4 44. Rxh5 Rxd4 45. Ra1 Rb4 46. Rxa7 g6 47. Rh8+ Kg7 48. Rd8 Nxb5 49. Rb7 Rb2+ 50. Kg3 Rb1 51. Bxb5 1-0

[Event "Early-Titled-Tuesday-Blitz-March-26-2024"]
[Site "Chess.com"]
[Date "2024.03.26"]
[Round "6"]
[White "GlavkonVVS"]
[Black "Khromkin"]
[Result "1-0"]
[WhiteElo "2634"]
[BlackElo "2426"]
[TimeControl "180+1"]
[EndTime "9:05:35 PDT"]
[Termination "GlavkonVVS won on time"]

1. c4 c5 2. Nc3 Nc6 3. g3 g6 4.
Bg2 Bg7 5. Nf3 a6 6. O-O Rb8 7.
a4 d6 8. d3 h5 9. h4 Nh6 10. Bg5 Bg4 11. Qd2 Qd7 12. Nd5 Bh3 13. Ra3 Bxg2 14. Kxg2 Ng4 15. Rb3 f6 16. Be3 Nxe3+ 17.
fxe3 Bh6 18. d4 cxd4 19. Qd3 Qg4 20. exd4 O-O 21. Nh2 Qxd4 22. Nxe7+ Kf7 23. Qxg6+ Kxe7 24. Qxh6 Ne5 25. Qxh5 Qe4+ 26. Kg1 Rg8 27. Qf5 Qxf5 28. Rxf5 Nxc4 29. Rf4 Ne5 30. Kf2 b5 31. axb5 Rxb5 32. Rxb5 axb5 33. Rb4 Rb8 34. Nf3 Nc6 35. Re4+ Kf7 36.
Nd4 Ne5 37. Nf5 Rb6 38. b3 d5 39. Rd4 Ke6 40. Ne3 Rd6 41. g4 Nc6 42. Rf4 d4 43.
Nf5 Rd8 44. Re4+ Kd5 45. Rf4 Ne5 46. h5 d3 47. Rd4+ Ke6 48. Rxd8 dxe2 49. Kxe2 Nxg4 50. Ne3 Nh6 51. Rb8 1-0

[Event "Early-Titled-Tuesday-Blitz-March-26-2024"]
[Site "Chess.com"]
[Date "2024.03.26"]
[Round "6"]
[White "RianKapriaga"]
[Black "ilushka"]
[Result "0-1"]
[WhiteElo "2332"]
[BlackElo "2506"]
[TimeControl "180+1"]
[EndTime "9:05:35 PDT"]
[Termination "ilushka won on time"]

1. d4 e6 2. Nf3 c5 3. e3 Nf6 4. Bd3 d5 5. O-O Nc6 6. b3 Be7 7. Nbd2 O-O 8. Bb2 b6 9. a3 Bb7 10. Ne5 Nxe5 11. dxe5 Nd7 12. Qh5 g6 13. Qh3 Re8 14.
Rad1 Bf8 15. c4 Bg7 16. f4 Qc7 17. cxd5 Bxd5 18. Bc2 Rad8 19. e4 Bc6 20. Nf3 Nf8 21. Rxd8 Rxd8 22. f5 h5 23. fxg6 fxg6 24. Ng5 Be8 25.
Nxe6 Nxe6 26. Qxe6+ Bf7 27. Qh3 Bxe5 28. Bxe5 Qxe5 29. Qf3 Rd7 30. Bd3 Qd4+ 31. Kh1 Qxd3 32. Qf4 Qd6 33. e5 Qe6 34. h3 Kg7 35. Qg3 Rd5 36.
Re1 b5 37. Kh2 c4 38. bxc4 bxc4 39. Qc3 Rd3 40. Qc1 c3 41. Qc2 Qc4 42. Qf2 Qe6 43. Qc2 Qd5 44. Qf2 Rd2 45. Qf6+ Kh7 46. Rg1 c2 47.
Qf4 c1=Q 0-1

[Event "Early-Titled-Tuesday-Blitz-March-26-2024"]
[Site "Chess.com"]
[Date "2024.03.26"]
[Round "6"]
[White "atalz0"]
[Black "lukazz029"]
[Result "0-1"]
[WhiteElo "2361"]
[BlackElo "2023"]
[TimeControl "180+1"]
[EndTime "9:05:36 PDT"]
[Termination "lukazz029 won on time"]

1. d4 Nf6 2. c4 g6 3. f3 Bg7 4. e4 d6 5. Nc3 O-O 6. Be3 e5 7.
d5 c6 8. Bd3 cxd5 9. cxd5 a6 10.
Nge2 b5 11. O-O Nbd7 12. b4 Nh5 13. a4 bxa4 14. Qxa4 Nf4 15. Qd1 Qg5 16. Nxf4 exf4 17. Bd2 Ne5 18. Be2 f5 19. Kh1 Qh5 20. b5 g5 21. bxa6 fxe4 22. Nxe4 g4 23. fxg4 Bxg4 24.
Bxg4 Nxg4 25. h3 f3 26. Rxf3 Rxf3 27. Qxf3 Bxa1 28. Qxg4+ Qxg4 29. hxg4 Be5 30. g5 Rxa6 31. g4 Ra4 32. Nf6+ Bxf6 33. gxf6 Kf7 34. g5 Rd4 35. Be3 Rxd5 36. Kg2 Rd3 37. Kf3 Ke6 38. Ke4 Rd1 39. Bf4 d5+ 40. Kf3 Ra1 41. Be3 Ra3 42. Kf4 Ra4+ 43.
Kf3 Re4 44. Bd2 Kf7 45. Be3 Kg6 46. Bd2 Re8 47. Be3 h6 48. gxh6 Kxf6 49. Kf4 Kg6 50. Kf3 Re4 51. Bd2 Re7 52. Be3 Kf5 53. Bd2 Rb7 54.
Be3 Kg6 55. Bd2 Rb3+ 56. Kf4 Rd3 0-1

[Event "Early-Titled-Tuesday-Blitz-March-26-2024"]
[Site "Chess.com"]
[Date "2024.03.26"]
[Round "6"]
[White "MightyGMpretender"]
[Black "Rud_Makarian"]
[Result "0-1"]
[WhiteElo "2771"]
[BlackElo "3085"]
[TimeControl "180+1"]
[EndTime "9:05:39 PDT"]
[Termination "Rud_Makarian won on time"]

1. Nf3 Nf6 2. c4 g6 3. g3 Bg7 4. Bg2 O-O 5. O-O d6 6. Nc3 c6 7. d3 e5 8. b4 h6 9. a4 a6 10.
Bd2 Be6 11. b5 Nbd7 12. Ne1 axb5 13. axb5 d5 14. bxc6 bxc6 15. cxd5 cxd5 16. d4 e4 17. Nc2 Nb6 18. Bf4 Nc4 19. Ne3 Nxe3 20. Bxe3 Qd7 21.
Na4 Qe7 22. Nc5 Nd7 23. Rxa8 Rxa8 24. Qd2 Kh7 25. Nxd7 Qxd7 26. Rc1 Ra4 27. h4 Qa7 28. Rd1 Bg4 29. f3 exf3 30. exf3 Ra2 31. Qe1 Be6 32. h5 gxh5 33. Qc3 Bf5 34. Bf1 Ra3 35. Qd2 Bg6 36. Be2 Ra2 37. Qe1 Qe7 38. Bf1 Bf6 39. Bf2 Qd6 40. Rd2 Ra3 41. Kg2 Qd7 42. Be3 Qf5 43. Qf2 Bg5 44. Re2 Rc3 45. Re1 Bd8 46. Re2 Bc7 47. Re1 Bd6 48. Bd2 Ra3 49. Re3 Qf6 50.
Rxa3 h4 51. Qe3 Bf5 0-1

[Event "Early-Titled-Tuesday-Blitz-March-26-2024"]
[Site "Chess.com"]
[Date "2024.03.26"]
[Round "6"]
[White "stollenmonster"]
[Black "Josetricks"]
[Result "0-1"]
[WhiteElo "2887"]
[BlackElo "2716"]
[TimeControl "180+1"]
[EndTime "9:05:39 PDT"]
[Termination "Josetricks won by checkmate"]

1. e4 g6 2. g3 Bg7 3. Bg2 c5 4.
Ne2 Nc6 5. O-O e6 6. c4 Nge7 7.
Nbc3 O-O 8. d3 Nd4 9. Be3 a6 10. a4 Qb6 11. Rb1 d6 12. b3 Nec6 13. h3 Nb4 14.
Kh2 Bd7 15. Qd2 Bc6 16. Bh6 f5 17. Bxg7 Kxg7 18. f4 Rae8 19. Rbe1 Nbc2 20. Rb1 Nb4 21. Na2 Nxa2 22. Qxa2 e5 23. Nc3 Qb4 24. Ne2 fxe4 25. dxe4 Nxe2 26. Qxe2 exf4 27. Qb2+ Kg8 28. Rxf4 Rxf4 29.
gxf4 Bxe4 30. f5 Bxf5 31. Rf1 Re5 32. Bd5+ Kg7 33. h4 Qb6 34. h5 Qd8 35. Qf2 Qg5 36. Bf3 Qe3 37. Qg3 Qd2+ 38. Rf2 Qe3 39. Rg2 Qh6 40. Rf2 Qe3 41. Rg2 Qh6 42. Rf2 Kf6 43.
Qh4+ Qg5 44. Qg3 Qxg3+ 45. Kxg3 Re3 46. Kf4 Rxb3 47. Rd2 g5+ 48. Kg3 g4 49. Rxd6+ Ke7 50. Rd5 Rxf3+ 51. Kh4 Be6 52. Rxc5 h6 53. Re5 Rh3# 0-1

[Event "Early-Titled-Tuesday-Blitz-March-26-2024"]
[Site "Chess.com"]
[Date "2024.03.26"]
[Round "6"]
[White "Binary010"]
[Black "Pedrada88"]
[Result "1-0"]
[WhiteElo "2802"]
[BlackElo "2554"]
[TimeControl "180+1"]
[EndTime "9:05:40 PDT"]
[Termination "Binary010 won on time"]

1. e4 c5 2. Nf3 e6 3. d4 cxd4 4. Nxd4 Nf6 5. Nc3 Nc6 6. Ndb5 Bc5 7. Bf4 O-O 8. Bc7 Qe7 9. Bd6 Bxd6 10. Qxd6 Ne8 11. Qxe7 Nxe7 12. O-O-O f5 13. f3 fxe4 14.
fxe4 a6 15. Nd6 Nxd6 16. Rxd6 Ng6 17. Na4 b5 18. Nb6 Ra7 19. Be2 Rc7 20. Rf1 Bb7 21. Rxd7 Rxd7 22. Nxd7 Rc8 23. Bg4 Bxe4 24. Bxe6+ Kh8 25.
Ne5 Rxc2+ 26. Kd1 Rxg2 27. Nf7+ Kg8 28. Ng5+ Kh8 29. Nf7+ Kg8 30. Nd6+ Kh8 31. Nxe4 Rxb2 32. Nd2 h5 33. Bb3 Ne5 34. Rf5 Nc4 35. Rxh5+ Kg8 36. Nxc4 bxc4 37. Bxc4+ Kf8 38. Bb3 Ke7 39. h3 Rh2 40.
Rg5 Kf6 41. Rg3 g5 42. Bc2 a5 43. Kc1 a4 44. Kb2 Ke5 45. Rxg5+ Kf4 46. Rg4+ Kf3 47. Rxa4 Ke2 48. Rd4 Ke3 49. Rd3+ Kf4 50. Kc3 Ke5 51. a4 Rg2 52. a5 Rg7 53. Kb4 Rb7+ 54. Ka4 Rb2 55.
Bb3 Ke4 56. Rd8 Rh2 57. a6 Rh1 58. Ka5 1-0

[Event "Early-Titled-Tuesday-Blitz-March-26-2024"]
[Site "Chess.com"]
[Date "2024.03.26"]
[Round "6"]
[White "AquivaRubinstein"]
[Black "Oligan22"]
[Result "0-1"]
[WhiteElo "2576"]
[BlackElo "2449"]
[TimeControl "180+1"]
[EndTime "9:05:40 PDT"]
[Termination "Oligan22 won by checkmate"]

1. d4 Nf6 2. c4 e6 3. Nc3 Bb4 4.
Qb3 Nc6 5. Nf3 b6 6. a3 Bxc3+ 7.
Qxc3 Bb7 8. Bg5 h6 9. Bh4 g5 10. Bg3 Ne4 11. Qc2 f5 12. e3 d6 13. Bd3 Ne7 14. d5 exd5 15. Nd4 Qd7 16. cxd5 Bxd5 17. f3 Nxg3 18. hxg3 O-O-O 19. Nxf5 Nxf5 20. Bxf5 Be6 21.
Bd3 Rde8 22. Kf2 Kb8 23. Rac1 Qe7 24. Rhe1 Bc8 25. Be4 Bb7 26. Bxb7 Kxb7 27. Qc6+ Kb8 28. Rc3 h5 29. Rec1 Rh7 30. a4 h4 31. gxh4 gxh4 32.
a5 Qd7 33. Qd5 Qg7 34. a6 Qg3+ 35. Kf1 c5 36. f4 Rg8 37. Qxd6+ Ka8 38. Qd5+ Kb8 39. Qe5+ Ka8 40. Qe4+ Kb8 41. Rxc5 bxc5 42. Rxc5 Rc7 43. Rb5+ Kc8 44. Qa8+ Kd7 45. Rd5+ Ke6 46. Re5+ Kf6 47. Qe4 Rc1+ 48. Ke2 Qxg2+ 49. Qxg2 Rxg2+ 50. Kf3 Rxb2 51. Rh5 Rf1+ 52. Ke4 Rh1 53. Rh6+ Kg7 54. Rh5 Rb6 55. f5 Rxa6 56. Kf4 Ra4+ 57. e4 Rf1+ 58.
Ke5 Re1 59. Rxh4 Rb4 60. f6+ Kg6 61. Rg4+ Kf7 62. Rg7+ Kf8 63. Rxa7 Rbxe4+ 64. Kf5 Re5+ 65. Kf4 R5e2 66. Kf5 Rf1+ 67. Kg6 Rg2+ 68. Kh7 Rh1# 0-1

[Event "Early-Titled-Tuesday-Blitz-March-26-2024"]
[Site "Chess.com"]
[Date "2024.03.26"]
[Round "6"]
[White "KVAIDAN"]
[Black "Zavgorodniy_Sergiy"]
[Result "0-1"]
[WhiteElo "2362"]
[BlackElo "2633"]
[TimeControl "180+1"]
[EndTime "9:05:41 PDT"]
[Termination "Zavgorodniy_Sergiy won by resignation"]

1. f4 d5 2. Nf3 Nf6 3. e3 g6 4. Be2 Bg7 5. O-O O-O 6. d3 c5 7. Kh1 Nc6 8. a4 Qc7 9. Nc3 e5 10. Nb5 Qe7 11. fxe5 Nxe5 12. Nxe5 Qxe5 13. e4 dxe4 14. Bf4 Qxb2 15. Rb1 Qa2 16. Be5 exd3 17. Bxd3 Bg4 18. Qc1 Nd7 19. Ra1 Qd5 20. Bxg7 Kxg7 21. Nc7 Qc6 22. Nxa8 Rxa8 23. Qb2+ Kg8 24. Bb5 Qc7 25.
Bxd7 Bxd7 26. Qf6 Be6 27. Rad1 Rf8 28. Rf4 b6 29. h4 h5 30. Re1 Re8 31. Re5 Qd6 32. Kh2 a6 33. Qg5 b5 34. axb5 axb5 35.
Rxc5 Bc4 36. Rf5 Re2 37. Qg3 Rxc2 38. Rf6 Be6 39. Rxg6+ fxg6 40. Qxg6+ Kh8 41. Qxh5+ Kg7 42. Qg5+ Kh7 43. Qh5+ Kg7 44. Qg5+ Kh7 45. Qg3 Rc6 46. h5 Bc4 47. Qg5 Rc7 48. Qf5+ Kh6 49. Qg4 Rf7 50.
g3 Rxf4 51. gxf4 Qd2+ 52. Kg3 Qe1+ 53. Kh2 Qf2+ 54. Kh3 Bf1+ 0-1

[Event "Early-Titled-Tuesday-Blitz-March-26-2024"]
[Site "Chess.com"]
[Date "2024.03.26"]
[Round "6"]
[White "MaiqMaster"]
[Black "yaguigor"]
[Result "1/2-1/2"]
[WhiteElo "2401"]
[BlackElo "2576"]
[TimeControl "180+1"]
[EndTime "9:05:41 PDT"]
[Termination "Game drawn - insufficient material"]

1. e4 e5 2. Nf3 Nc6 3. d4 exd4 4. Nxd4 Bc5 5. Nb3 Bb6 6. Nc3 Nf6 7. Bg5 h6 8. Bh4 Qe7 9. Bd3 g5 10. Bg3 d5 11. Qe2 Bg4 12. f3 Be6 13. exd5 Nxd5 14. Nxd5 Bxd5 15. Qxe7+ Nxe7 16. O-O-O O-O-O 17. Rhe1 Nc6 18. h4 f6 19. Bf5+ Kb8 20. Kb1 a5 21. Nc1 a4 22.
a3 Nd4 23. Bd3 Rhe8 24. Ne2 Nxe2 25. Rxe2 Rxe2 26. Bxe2 Kc8 27. f4 f5 28. hxg5 hxg5 29.
fxg5 Bxg2 30. Rxd8+ Kxd8 31. Be5 Bd5 32. Bb5 c6 33.
Bxa4 Be3 34. g6 f4 35. Bb3 Bxb3 36. cxb3 Ke7 37. Kc2 f3 38. Kd3 Bc1 39. g7 Kf7 40. a4 Kg8 41. Bd4 Kf7 42. Ke4 Bxb2 43. Bf2 Bxg7 44.
Kxf3 Ke6 45. Ke2 Kd5 46. Kd3 Be5 47. Be1 Bd4 48. Bc3 Bxc3 49. Kxc3 Kc5 50. b4+ Kd5 51. Kd3 b6 52. Kc3 Ke5 53. Kc4 Kd6 54. a5 bxa5 55.
bxa5 Kc7 56. Kc5 Kb7 57. a6+ Kxa6 58. Kxc6 1/2-1/2

[Event "Early-Titled-Tuesday-Blitz-March-26-2024"]
[Site "Chess.com"]
[Date "2024.03.26"]
[Round "6"]
[White "MatyChess1"]
[Black "ChainedDowntohell"]
[Result "0-1"]
[WhiteElo "2632"]
[BlackElo "2517"]
[TimeControl "180+1"]
[EndTime "9:05:42 PDT"]
[Termination "ChainedDowntohell won by checkmate"]

1. Nf3 d5 2. e3 a6 3. c4 e6 4. b3 Be7 5. Bb2 Bf6 6. Nc3 Ne7 7. g3 O-O 8. Bg2 Nbc6 9. O-O g6 10. d4 b6 11. Qe2 Bb7 12. Rfd1 Na5 13. e4 dxe4 14.
Nxe4 Bg7 15. Ne5 Qc8 16. h4 Nac6 17. h5 Nf5 18. hxg6 hxg6 19. Ng5 Nxe5 20. dxe5 Bxg2 21. Kxg2 Qb7+ 22. Kg1 Rfd8 23. Qg4 c5 24. Ne4 Nd4 25. Bxd4 cxd4 26. Qf4 d3 27. Rd2 Rd4 28. Nf6+ Bxf6 29. Qxd4 Rd8 30. Qe3 Bg7 31. Rad1 Qc7 32. f4 Bf8 33.
Kg2 Bc5 34. Qf3 b5 35. cxb5 axb5 36. Rxd3 Rf8 37. Rc1 Qa7 38. Rc2 Kg7 39. Qc6 Bb4 40. Rd7 Qa3 41. Qxe6 Qa5 42. Qf6+ Kg8 43. e6 Qa8+ 44.
Kh2 Qe4 45. exf7+ Kh7 46. Qh4+ Kg7 47. Rg2 Rh8 48. Qxh8+ Kxh8 49. Rd1 Kg7 50. Rf1 Kxf7 51. Rff2 Bc5 52. Re2 Be3 53. Kh3 Qf3 54. Kh2 Kg7 55.
Kh3 Qh5# 0-1

[Event "Early-Titled-Tuesday-Blitz-March-26-2024"]
[Site "Chess.com"]
[Date "2024.03.26"]
[Round "6"]
[White "EternalNight8"]
[Black "Adar_07"]
[Result "0-1"]
[WhiteElo "2475"]
[BlackElo "2800"]
[TimeControl "180+1"]
[EndTime "9:05:44 PDT"]
[Termination "Adar_07 won by resignation"]

1. d4 Nf6 2. Bg5 Ne4 3. Bf4 c5 4. f3 Nf6 5. dxc5 Qa5+ 6. Nc3 Nc6 7. e4 e5 8. Bg5 Bxc5 9. Bxf6 gxf6 10. Qd2 Bb4 11. Nge2 d6 12. a3 Be6 13. O-O-O Bxa3 14. bxa3 Qxa3+ 15. Kb1 Nb4 16. Nc1 Rc8 17. Qxd6 Qxc3 18.
Bb5+ Nc6 19. Rd3 Qa5 20. Bxc6+ Rxc6 21. Qb8+ Rc8 22. Qd6 Qc7 23. Qxc7 Rxc7 24. Rhd1 Ke7 25. Nb3 Rhc8 26. R1d2 b6 27. g4 a5 28. h4 a4 29.
Nc1 b5 30. Ne2 b4 31. Ng3 Rc3 32. Nf5+ Bxf5 33. exf5 Rxd3 34. Rxd3 Rd8 35. Re3 Rd4 36. Kb2 Kd6 37. c3 bxc3+ 38. Rxc3 e4 39. fxe4 Rxe4 40. Rg3 Ke5 41. Ka3 Kf4 42. Rg1 Kf3 43. g5 Rxh4 44. gxf6 Rh6 45. Rg7 Rxf6 46. Rxh7 Rxf5 47. Kxa4 Rf4+ 48.
Kb3 f5 49. Kc2 Re4 50. Kd2 Re8 51. Rf7 f4 52. Rf6 Kg3 53. Rg6+ Kf2 54. Rf6 Rd8+ 55. Kc3 f3 56. Rf7 Ke2 57. Re7+ Kf1 58. Rf7 f2 59. Kc2 Rg8 60. Kd2 Kg1 61. Ke2 Re8+ 62. Kd3 f1=Q+ 0-1

[Event "Early-Titled-Tuesday-Blitz-March-26-2024"]
[Site "Chess.com"]
[Date "2024.03.26"]
[Round "6"]
[White "AA95"]
[Black "Meri-Arabidze"]
[Result "0-1"]
[WhiteElo "2485"]
[BlackElo "2674"]
[TimeControl "180+1"]
[EndTime "9:05:44 PDT"]
[Termination "Meri-Arabidze won on time"]

1. Nf3 Nf6 2. g3 b6 3. Bg2 Bb7 4. O-O g6 5. c4 Bg7 6. d4 O-O 7. d5 b5 8. Re1 bxc4 9. e4 e6 10.
Nc3 exd5 11. exd5 c6 12. Ne5 Nxd5 13. Nxd5 cxd5 14. Nxc4 Na6 15. Nd6 Bc6 16. Bxd5 Rb8 17.
Bxf7+ Rxf7 18. Re8+ Qxe8 19. Nxe8 Rxe8 20. Be3 Nb4 21. Bxa7 Nd5 22. Bd4 Nf6 23. a4 Rfe7 24.
a5 Ne4 25. Bxg7 Kxg7 26. Qd4+ Kg8 27. h4 g5 28. Kh2 gxh4 29. gxh4 Rg7 30. Rg1 Re7 31.
Rxg7+ Rxg7 32. a6 h5 33. b4 Rg4 34. f3 Rxh4+ 35. Kg1 Ng5 36. Qf6 Nxf3+ 37. Kf2 Rg4 38.
Qd8+ Kg7 39. a7 Ng5 40. a8=Q Bxa8 41. Qxa8 Ne4+ 42. Kf3 Nf6 43. Ke3 Rxb4 44. Qd8 Rg4 45. Kf3 Rg6 46. Qe7+ Kh6 47. Qf8+ Kg5 48. Qc5+ Kh6 49.
Qf8+ Kg5 50. Qc5+ d5 51. Qe7 Kf5 52. Qb7 h4 53. Qc8+ Kg5 54. Qh8 Kf5 55. Qc8+ Kg5 0-1

[Event "Early-Titled-Tuesday-Blitz-March-26-2024"]
[Site "Chess.com"]
[Date "2024.03.26"]
[Round "6"]
[White "Felix-Rose"]
[Black "Lucky_Puncher"]
[Result "1/2-1/2"]
[WhiteElo "2225"]
[BlackElo "2469"]
[TimeControl "180+1"]
[EndTime "9:05:44 PDT"]
[Termination "Game drawn - insufficient material"]

1. e4 c5 2. Nf3 d6 3. d4 cxd4 4. Nxd4 Nf6 5. Nc3 a6 6. Be3 e5 7. Nb3 Be6 8. f3 Nbd7 9. Qd2 Rc8 10. O-O-O h5 11. Kb1 Be7 12. h3 h4 13. Be2 O-O 14.
f4 Rxc3 15. Qxc3 Nxe4 16. Qd3 Ng3 17. Rhe1 d5 18. fxe5 Nxe5 19. Qd4 Nc6 20. Qb6 Qc8 21.
Bf3 Bd8 22. Qc5 b6 23. Qc3 Bf6 24. Nd4 Nxd4 25. Qxc8 Rxc8 26. Bxd4 Bf5 27. Bxf6 Bxc2+ 28. Ka1 Bxd1 29. Rxd1 gxf6 30. Bxd5 Rc5 31. Kb1 Nf5 32. Bf3 Kg7 33. Re1 a5 34. Re4 b5 35. Rg4+ Kf8 36. Be4 Nd4 37. Rxh4 Ne2 38. Bc2 f5 39. a3 Kg7 40. g4 f4 41. Rh5 Rxh5 42. gxh5 f3 43. Bd3 b4 44. axb4 axb4 45. Kc2 Nd4+ 46. Kd2 Kf6 47. Ke3 Ne6 48. Kxf3 Kg5 49. Be2 Nd4+ 50. Ke3 Nf5+ 51. Kd3 Ng3 52. Bg4 f5 53. Bxf5 Nxf5 54. Kc4 Kxh5 55. Kxb4 Kh4 56. Kc5 Ne7 57. b4 Kxh3 58. b5 Nc8 59. Kc6 Na7+ 60. Kb6 Nxb5 1/2-1/2

[Event "Early-Titled-Tuesday-Blitz-March-26-2024"]
[Site "Chess.com"]
[Date "2024.03.26"]
[Round "6"]
[White "Herzog2012"]
[Black "Shiner22"]
[Result "0-1"]
[WhiteElo "2518"]
[BlackElo "2311"]
[TimeControl "180+1"]
[EndTime "9:05:44 PDT"]
[Termination "Shiner22 won by checkmate"]

1. e4 c5 2. Nf3 Nc6 3. d4 cxd4 4. Nxd4 e5 5. Nb5 a6 6. Nd6+ Bxd6 7. Qxd6 Qf6 8. Qxf6 Nxf6 9. Nc3 Nb4 10. Bd3 d5 11. exd5 Nbxd5 12. Nxd5 Nxd5 13. Be4 Be6 14. c4 Nb4 15. Bd2 Nc6 16. b3 O-O-O 17. Bc3 Nd4 18. Rd1 f5 19. Bb1 Rhe8 20. f4 g6 21. fxe5 Nc6 22.
Kf2 Bf7 23. Rde1 b5 24. cxb5 axb5 25. Rc1 Kb7 26. a3 Bxb3 27. Rhe1 Re6 28. g4 fxg4 29. Be4 Bd5 30. Bd3 Rf8+ 31. Kg1 h5 32. Bd2 Rxe5 33. Bxb5 Rxe1+ 34. Bxe1 Nd4 35. Bd3 Nf3+ 36. Kf2 Ne5+ 37. Ke2 Bf3+ 38. Ke3 Re8 39. Be4+ Bxe4 40. Kxe4 Nf3+ 41.
Kf4 Rxe1 42. Rc2 Rh1 43. Kg3 Rxh2 44. Rc4 Rh1 45. Kf4 Nd2 46. Rb4+ Kc6 47. Rb2 Nc4 48. Rc2 Kd5 49. Kg5 g3 50. Kxg6 Rh2 51. Rc1 g2 52.
Rd1+ Kc5 53. Rg1 h4 54. Kg5 h3 55. Kg4 Rh1 56. Kg3 Rxg1 57. Kh2 Rh1+ 58. Kg3 g1=Q+ 59. Kh4 Qg2 60. Kh5 Rf1 61. Kh4 Rf8 62. Kh5 Rh8# 0-1

[Event "Early-Titled-Tuesday-Blitz-March-26-2024"]
[Site "Chess.com"]
[Date "2024.03.26"]
[Round "6"]
[White "BlueWizzard"]
[Black "Jospem"]
[Result "0-1"]
[WhiteElo "2855"]
[BlackElo "3083"]
[TimeControl "180+1"]
[EndTime "9:05:47 PDT"]
[Termination "Jospem won on time"]

1. Nf3 c5 2. e4 d6 3. Bc4 e6 4. c3 Nf6 5. Qe2 Be7 6. d4 cxd4 7.
cxd4 d5 8. exd5 exd5 9. Bb5+ Nc6 10. Ne5 Bd7 11. Bxc6 Bxc6 12. O-O O-O 13. Nc3 Rc8 14.
Bg5 Re8 15. Rfe1 h6 16. Bh4 Qb6 17. Rad1 Ne4 18. Bxe7 Rxe7 19. Nxc6 Qxc6 20. Qf3 Rce8 21. Nxe4 Rxe4 22. Rxe4 Rxe4 23. h3 Qc2 24. Rd3 Qxb2 25. Rc3 Re1+ 26. Kh2 Re8 27. Rc7 Rf8 28. Qxd5 Qxf2 29.
Qe5 Qxa2 30. d5 Rd8 31. Rd7 Rf8 32. Rxb7 a5 33. d6 Qe6 34. Qd4 Rd8 35. Re7 Rxd6 36. Qa7 Qf6 37. Qa8+ Kh7 38. Qe4+ g6 39. Ra7 Re6 40.
Qg4 Qe5+ 41. Qg3 Qxg3+ 42. Kxg3 Re5 43. Rxf7+ Kg8 44. Ra7 h5 45. Kf4 Rb5 46. h4 Kf8 47. Kf3 Ke8 48. Rg7 a4 49. Rxg6 Ra5 50. Re6+ Kf7 51.
Re1 a3 52. Ra1 a2 53. g4 Ra3+ 54. Kf4 Ra4+ 55. Kg3 hxg4 56. h5 Kg7 0-1

[Event "Early-Titled-Tuesday-Blitz-March-26-2024"]
[Site "Chess.com"]
[Date "2024.03.26"]
[Round "6"]
[White "Gennady_Kozlov"]
[Black "GiorgianBarbosa"]
[Result "1/2-1/2"]
[WhiteElo "2657"]
[BlackElo "2514"]
[TimeControl "180+1"]
[EndTime "9:05:48 PDT"]
[Termination "Game drawn - insufficient material"]

1. b3 Nf6 2. Bb2 e6 3. e3 d5 4.
f4 Be7 5. Nf3 O-O 6. Be2 b6 7. O-O Ba6 8. Qe1 Bxe2 9. Qxe2 c5 10. d3 Nc6 11. Ne5 Qc7 12. Nd2 Nd7 13. Nxd7 Qxd7 14. Qg4 f6 15. Nf3 Rf7 16. Rae1 f5 17. Qh5 Bf6 18. Bxf6 Rxf6 19. Ng5 Rh6 20. Qf3 Rf6 21. Qh3 Rh6 22. Qg3 Rg6 23. Qh4 Rh6 24. Qf2 Rf6 25. h3 e5 26. fxe5 Nxe5 27. Qf4 Nf7 28.
Nxf7 Rxf7 29. e4 fxe4 30. Qxf7+ Qxf7 31. Rxf7 Kxf7 32. dxe4 dxe4 33. Rxe4 Rd8 34. Re2 Rd1+ 35. Kf2 Rc1 36. a4 Rd1 37. Ke3 Kf6 38. Rf2+ Ke7 39. Rf3 Rg1 40. Rg3 g6 41. Kd3 Rf1 42. Kc4 Kd7 43. Kb5 Rf2 44. c3 Rb2 45. c4 Kc7 46.
Ka6 Kb8 47. h4 Rb1 48. Rf3 Rb2 49. g3 h5 50. Rf8+ Kc7 51. Rf7+ Kb8 52. Rxa7 Rxb3 53. Rb7+ Kc8 54. Rxb6 Rxg3 55. Rc6+ Kb8 56. Rxc5 Rg4 57. Kb6 Rxh4 58. a5 Rh1 59. Rg5 Rb1+ 60. Kc6 Ra1 61.
Rxg6 Rxa5 62. Rg8+ Ka7 63. c5 Ra6+ 64. Kc7 Rh6 65.
c6 h4 66. Rg1 Rh7+ 67. Kd6 Rh6+ 68. Kd5 Rh5+ 69. Ke6 Kb6 70. Kf6 Kxc6 71. Kg6 Rh8 72. Rh1 h3 73. Kg5 h2 74. Kg4 Kd5 75. Kg3 Ke4 76.
Rxh2 Rxh2 77. Kxh2 1/2-1/2

[Event "Early-Titled-Tuesday-Blitz-March-26-2024"]
[Site "Chess.com"]
[Date "2024.03.26"]
[Round "6"]
[White "JoliyRoger"]
[Black "SlavenPastar"]
[Result "1-0"]
[WhiteElo "2428"]
[BlackElo "2584"]
[TimeControl "180+1"]
[EndTime "9:05:48 PDT"]
[Termination "JoliyRoger won on time"]

1. d4 b6 2. c4 Bb7 3. Nc3 g6 4. e4 Bg7 5. Nf3 e6 6. Bg5 Ne7 7. h3 h6 8. Be3 d6 9. Qd2 Nd7 10. Bd3 a6 11. a3 e5 12. d5 Nc5 13. Bc2 a5 14. g4 Bc8 15. Rg1 Bd7 16. Rb1 a4 17.
Bxc5 bxc5 18. Qd1 h5 19. Bxa4 Bxa4 20. Nxa4 hxg4 21. hxg4 Bh6 22. g5 Bg7 23. Nc3 Qd7 24. Qe2 Nc8 25. a4 Nb6 26. b3 Ke7 27. Kd2 Rh3 28.
Rbf1 Kd8 29. Rh1 Kc8 30. Qd1 Kb7 31. Rxh3 Qxh3 32. Rh1 Qg4 33. Rh4 Qg2 34. Ke3 Rh8 35.
Rxh8 Bxh8 36. Qg1 Qh3 37. Qh2 Qxh2 38. Nxh2 Bg7 39. Nf3 Bf8 40. Ke2 Be7 41. Kf1 Nd7 42.
Kg2 Nb8 43. Kg3 Na6 44. Na2 Kb6 45. Kg4 Ka5 46. Ne1 Nb4 47. Nc3 Kb6 48. Nb5 c6 49.
dxc6 Kxc6 50. Nc3 Kb6 51. f4 exf4 52. Kxf4 Kc6 53. Nd5 Bd8 54. Nf3 Nd3+ 55. Ke3 Nc1 56. Nd2 1-0

[Event "Early-Titled-Tuesday-Blitz-March-26-2024"]
[Site "Chess.com"]
[Date "2024.03.26"]
[Round "6"]
[White "Szparu"]
[Black "wonderfultime"]
[Result "0-1"]
[WhiteElo "2810"]
[BlackElo "3003"]
[TimeControl "180+1"]
[EndTime "9:05:49 PDT"]
[Termination "wonderfultime won by resignation"]

1. Nf3 d5 2. d4 Nf6 3. c4 c6 4. e3 a6 5. Nc3 Bf5 6. Nh4 Be4 7.
f3 Bg6 8. g3 e6 9. Bd2 dxc4 10.
Bxc4 b5 11. Bf1 c5 12. Nxg6 hxg6 13.
dxc5 Bxc5 14. Qe2 Ra7 15. g4 Rd7 16. g5 Nd5 17. Ne4 Be7 18. f4 Bb4 19. O-O-O Bxd2+ 20. Rxd2 O-O 21. h4 Qb6 22. Rh3 Rc8+ 23. Kd1 Qc6 24. Ke1 Nb4 25. Nc3 Rcd8 26. Rxd7 Nxd7 27. a3 Nd5 28.
Nxd5 Qxd5 29. h5 Nc5 30. hxg6 fxg6 31. Kf2 Qf5 32. Kg1 Qb1 33. Rh2 Rd1 34. Rf2 Ne4 35. Rf3 Nd2 36. Rf2 Ne4 37. Rg2 Qc1 38. Qf3 Qb1 39. Qe2 Kf7 40. Qf3 Ke7 41. Qe2 Nd2 42. Rf2 Kd6 43. e4 Rxf1+ 44. Rxf1 Qxf1+ 45. Qxf1 Nxf1 46. Kxf1 Kc5 47. Ke2 Kd4 48. Kf3 a5 49. f5 exf5 50. exf5 gxf5 51. g6 Ke5 52. Ke3 a4 53. Kf3 Kf6 54.
Kf4 Kxg6 55. Ke5 Kg5 56. Kd5 f4 57. Kc5 f3 58. Kxb5 f2 59. Kxa4 f1=Q 0-1

[Event "Early-Titled-Tuesday-Blitz-March-26-2024"]
[Site "Chess.com"]
[Date "2024.03.26"]
[Round "6"]
[White "esrosenberg"]
[Black "Yeritsyaan"]
[Result "1-0"]
[WhiteElo "2503"]
[BlackElo "2662"]
[TimeControl "180+1"]
[EndTime "9:05:52 PDT"]
[Termination "esrosenberg won by resignation"]

1. d4 f5 2. Bg5 Nf6 3. Bxf6 exf6 4. e3 d5 5. c4 c6 6. Nc3 Be6 7. Qb3 Qb6 8. Qxb6 axb6 9. cxd5 cxd5 10. Bb5+ Nc6 11.
Nge2 Bd6 12. g3 g5 13. Kd2 Ke7 14. Rhc1 Rhc8 15. Na4 Na7 16. Bd3 b5 17. Nb6 Rxc1 18. Rxc1 Rd8 19. a4 bxa4 20. Nxa4 Rc8 21. Rxc8 Bxc8 22.
Nb6 Be6 23. Nc3 Bb4 24. Kc2 Kd6 25. Kb3 Ba5 26. Nba4 b6 27. Kc2 h5 28. h4 Nc6 29.
Nb5+ Kd7 30. Be2 Bf7 31. Nac3 Ne7 32. Bf3 Kc6 33. Na7+ Kd7 34. Nab5 Bb4 35. Kd3 Bg6 36. Nxd5 f4+ 37. Kc4 Nxd5 38. Bxd5 Be1 39. exf4 gxh4 40. gxh4 Bxf2 41. Nc3 Bxh4 42. Kb5 Kc7 43. Bf3 Be8+ 44. Kc4 Bf2 45. Nd5+ Kd6 46. Nxf6 Bf7+ 47. d5 h4 48.
Ne4+ Ke7 49. Nxf2 Kf6 50. Nh3 Kf5 51. Kb5 Kf6 52. Kxb6 Be8 53. Kc7 Ke7 54. d6+ Ke6 55. Bg4+ Kd5 56. d7 Bxd7 57. Kxd7 Ke4 58. f5 Ke5 59. b4 Kf6 60. b5 Ke5 61. b6 Kf6 62. b7 1-0